 Dungeon Crawl Stone Soup version 0.30-a0-241-g1121274140 (webtiles) character file.

Game seed: 12685698583653152815

56 qw the Chopper (level 3, -10/23 HPs)
             Began as a Gargoyle Fighter on Oct 10, 2022.
             Killed by divine providence
             ... invoked by an orc priest
              (15 damage)
             ... on level 4 of the Dungeon.
             The game lasted 00:00:22 (1011 turns).

qw the Chopper (Gargoyle Fighter)                   Turns: 1011, Time: 00:00:23

Health: -10/23     AC: 10    Str: 21    XL:     3   Next: 95%
Magic:  3/3        EV:  9    Int:  8    God:
Gold:   56         SH:  4    Dex:  9    Spells: 2/2 levels left

rFire   . . .      SeeInvis .    Y - +0 war axe
rCold   . . .      Faith    .    c - +0 buckler
rNeg    + . .      Spirit   .    b - +0 scale mail
rPois   inf        Reflect  .    (no helmet)
rElec   +          Harm     .    (no cloak)
rCorr   .          Rampage  .    (no gloves)
Will    .....                    (no boots)
Stlth   ..........               (no amulet)
HPRegen 0.23/turn                (no ring)
MPRegen 0.08/turn                (no ring)

@: no status effects
A: sickness immunity, AC +3, negative energy resistance 1, electricity
resistance, torment resistance 1, petrification resistance
a: no special abilities


You were on level 4 of the Dungeon.
You visited 1 branch of the dungeon, and saw 3 of its levels.

You collected 56 gold pieces.


Innate Abilities, Weirdness & Mutations

You are immune to sickness and miasma.
Your stone body is resilient. (AC +3)
You are immune to poison.
You resist negative energy. (rN+)
You are resistant to electric shocks. (rElec)
You are resistant to unholy torment.
You are immune to petrification.


   Skills:
 - Level 3.2 Fighting
 + Level 3.7 Axes
 - Level 3.2 Armour
 - Level 3.2 Shields


You had 2 spell levels left.
You didn't know any spells.
Your spell library was empty.

Inventory:

Hand Weapons
 a - a +0 club
 Y - a +0 war axe (weapon)
Armour
 b - a +0 scale mail (worn)
 c - a +0 buckler (worn)
Potions
 d - a potion of might
 g - a potion of lignification {unknown}

Dungeon Overview and Level Annotations

Branches:
Dungeon (2/15)

Altars:


Message History

The giant cockroach bites you but does no damage.
You slash the giant cockroach!
You kill the giant cockroach!
You barely miss the orc. The orc closely misses you.
You hit the orc but do no damage. The orc hits you but does no damage.
The orc closely misses you.
You barely miss the orc. The orc hits you but does no damage.
You closely miss the orc. The orc hits you but does no damage.
You hit the orc.
The orc is severely wounded.
The orc barely misses you. x2
You closely miss the orc.
The orc is severely wounded.
The orc hits you with a +0 club.
You barely miss the orc.
The orc is severely wounded.
An orc priest comes into view. It is wielding a +0 flail.
The orc hits you but does no damage.
The orc priest shouts!
You hit the orc.
You kill the orc!
You hear a shout!
The orc priest begins to cast a cantrip, but forgets the words!
You see here a scroll labelled OSEMNO AMAWNOO.
An orc and an orc priest come into view.
The orc shouts!
An orc comes into view. It is wielding a +0 club. x2
The orc priest calls down the wrath of Beogh upon you.
Beogh smites you!
Ouch! That really hurt!
The orc moves out of view.
The orc shouts!
The orc shouts!
The orc priest invokes the aid of Beogh against you.
Beogh smites you!
Ouch! That really hurt!
You die...

#........# ###
###........### ...#
##....>.......# ##
....###........###..###.
<....#..........#.......
##......................
......)?.....##...##....
........................
.#.....@...##...##....##
<....###o.###...##......
....# ..## #...#..###..
#+#. ... ##. #.. ##. #
#.o .... ..


#oo .. ... .o. #... .... ...# You could see 2 orc priests and 3 orcs.

Vanquished Creatures
  A hound (D:4)
  An orc (D:4)
  2 ball pythons
  2 endoplasms (D:4)
  A giant cockroach (D:4)
  3 goblins
  3 kobolds
  2 quokkas (D:1)
  4 bats (D:1)
  A frilled lizard (D:1)
  A rat (D:1)
21 creatures vanquished.

Notes
Turn   | Place    | Note
-------+----------+-------------------------------------------
     0 | D:1      | qw the Gargoyle Fighter began the quest for the Orb.
     0 | D:1      | Reached XP level 1. HP: 14/14 MP: 1/1
     0 | D:1      | 0 ||| qw: Version: 0.2-a-17-g06abaee
     0 | D:1      | 0 ||| qw: Game counter: 2362
     0 | D:1      | 0 ||| qw: Always use a shield: true
     0 | D:1      | 0 ||| qw: God list: Okawaru
     0 | D:1      | 0 ||| qw: Allow faded altars: false
     0 | D:1      | 0 ||| qw: Do Orc after D:15 true
     0 | D:1      | 0 ||| qw: Do second Lair branch before Depths: true
     0 | D:1      | 0 ||| qw: Lair rune preference: random
     0 | D:1      | 0 ||| qw: Plans: Normal, Zot:1-4, God:TSO, Crypt, Tomb,
                  | Pan, Slime:5, Hells, Abyss, Orb
     0 | D:1      | 0 ||| PLANNING D:1-11
    98 | D:1      | 98 ||| Stepping ~*~*~tactically~*~*~ (stealth).
   263 | D:1      | Reached XP level 2. HP: 19/19 MP: 2/2
   745 | D:1      | 745 ||| READING scroll labelled MIAJUK WANNOI.
   746 | D:1      | 746 ||| READING scroll labelled MUN HO CONIMY.
   871 | D:2      | You fall into a shaft and drop 2 floors!
   963 | D:4      | Reached skill level 3 in Axes
   963 | D:4      | Reached XP level 3. HP: 22/23 MP: 3/3
  1010 | D:4      | HP: 5/23 [orc priest/divine providence (16)]
  1011 | D:4      | Killed from afar by an orc priest

Levels and vault maps discovered:
D:1:      co_arrival_random_square_maze, layout_loops_ring
D:2:      layout_loops_ring, minmay_quantized
D:4:      layout_cave_pools, mainiacjoe_overflow_surrounded_room

Skill      XL: |  1  2 |
---------------+-------+-----
Axes           | 2 3 |  3.7
Fighting       | |  3.2
Armour         | |  3.2
Shields        | |  3.2

Action                   || total
-------------------------++-------
Melee: War axe           ||    83
  Use: Scroll            ||     2
Armor: Scale mail        ||    48
Dodge: Dodged            ||    52
Block: Buckler           ||    20

Table legend:
 A = Non-vault XP
 B = Vault XP
 C = Vault XP percentage of total XP
 D = Non-vault monster count
 E = Vault monster count
 F = Vault count percentage of total count
                 A         B        C        D         E       F
            +---------+---------+-------+---------+---------+-------
      Total |      80 |       0 |   0.0 |      21 |       0 |   0.0
            +---------+---------+-------+---------+---------+-------
        D:1 |      20 |       0 |   0.0 |      13 |       0 |   0.0
        D:4 |      60 |       0 |   0.0 |       8 |       0 |   0.0
            +---------+---------+-------+---------+---------+-------
